 Dungeon Crawl Stone Soup version 0.31-a0-523-g071a6c1ffa (webtiles) character file.

Game seed: 5644484908242546354

3721 arthad the Protected (level 9, -6/82 HPs)
             Began as a Minotaur Fighter on Aug 11, 2023.
             Was a Priest of Okawaru.
             Mangled by a wyvern (9 damage)
             ... on level 7 of the Dungeon.
             The game lasted 00:11:04 (6122 turns).

arthad the Protected (Minotaur Fighter)             Turns: 6122, Time: 00:11:04

Health: -6/82      AC: 11    Str: 25    XL:     9   Next: 92%
Magic:  6/8        EV: 13    Int:  5    God:    Okawaru [***...]
Gold:   385        SH:  6    Dex: 10    Spells: 8/8 levels left

rFire   + . .        a - +0 war axe
rCold   + . .        c - +0 buckler
rNeg    . . .        b - +0 scale mail
rPois   +            (helmet restricted)
rElec   +            (no cloak)
rCorr   +            z - +0 pair of gloves
SInv    .            (no boots)
Will    .....        v - amulet of regeneration
Stlth   +            u - ring of poison resistance
HPRegen 1.13/turn    j - ring of flight
MPRegen 0.11/turn

%: no passive effects
@: mighty, resistant, heroic, flying, studying Throwing
A: horns 2, retaliatory headbutt
a: Renounce Religion, Heroism


You were on level 7 of the Dungeon.
You worshipped Okawaru.
Okawaru was most pleased with you.
You visited 2 branches of the dungeon, and saw 9 of its levels.
You also visited: Sewer.

You collected 385 gold pieces.

Inventory:

Hand Weapons
 a - a +0 war axe (weapon)
 B - the +3 whip of the Big Bang {freeze, rPois rF+}
   (You found it on level 3 of the Dungeon)

   rF+:       It protects you from fire.
   rPois:     It protects you from poison
 E - a +2 dire flail of venom
 J - a +0 vampiric hand axe
Missiles
 r - 23 poisoned darts (quivered)
Armour
 b - a +0 scale mail (worn)
 c - a +0 buckler (worn)
 z - a +0 pair of gloves (worn)
Jewellery
 g - a ring of wizardry
 j - a ring of flight (right hand)
 n - an amulet of guardian spirit
 u - a ring of poison resistance (left hand)
 v - an amulet of regeneration (around neck)
Wands
 A - a wand of charming (13)
 F - a wand of polymorph (10)
Scrolls
 e - 4 scrolls of teleportation {unknown}
 f - 2 scrolls of fog {unknown}
 k - 4 scrolls of revelation {unknown}
 l - 2 scrolls of blinking {unknown}
 o - a scroll of amnesia {unknown}
 t - 10 scrolls of identify {unknown}
 y - 2 scrolls of poison {unknown}
 C - a scroll of enchant weapon {unknown}
 D - a scroll of immolation {unknown}
 I - a scroll of enchant armour {unknown}
Potions
 d - 2 potions of might
 h - a potion of curing
 i - 2 potions of resistance
 m - a potion of enlightenment {unknown}
 p - 2 potions of degeneration {unknown}
 q - a potion of lignification {unknown}
 s - a potion of cancellation {unknown}
 w - 4 potions of brilliance {unknown}
 x - 2 potions of haste {unknown}
 G - 2 potions of mutation {unknown}
 H - 2 potions of berserk rage {unknown}
 K - a potion of heal wounds {unknown}


   Skills:
 * Level 8.8(13.8) Fighting
 * Level 8.4(13.4) Axes
 + Level 5.6(10.6) Throwing
 * Level 8.9(13.9) Armour
 + Level 4.8(9.8) Dodging
 + Level 6.8(11.8) Shields


You had 8 spell levels left.
You didn't know any spells.
Your spell library contained the following spells:

 Spells                   Type           Power      Damage    Failure   Level
 Ensorcelled Hibernation  Hex/Ice        0%         N/A       86%         2
 Passwall                 Tmut/Erth      0%         N/A       86%         2
 Static Discharge         Conj/Air       0%         2-2/arc   86%         2
 Swiftness                Air            0%         N/A       98%         3
 Airstrike                Air            0%         2d(0-16)  100%        4
 Summon Lightning Spire   Summ/Air       Unusable   N/A       N/A         4

Dungeon Overview and Level Annotations

Branches:
Dungeon (8/15)             Temple (1/1) D:4           Sewer (visited)
   Lair: D:8-11

Altars:
Ashenzari
Cheibriados
Dithmenos
Fedhas
Hepliaklqana
Kikubaaqudgha
Nemelex Xobeh
Okawaru
Qazlal
Ru
Sif Muna
Trog
Uskayaw
Vehumet
Wu Jian
Xom
Yredelemnul
Zin
The Shining One

Shops:
D:7 *

Annotations:
D:5 2 transporters, Newt's ghost, novice DsGl


Innate Abilities, Weirdness & Mutations

You have a pair of horns on your head.
You reflexively headbutt those who attack you in melee.


Message History

You fly upwards.
There is a stone staircase leading down here.
You gain the combat prowess of a mighty hero.
The wolf misses you. The wyvern completely misses you. The wyvern bites you!
* * * LOW HITPOINT WARNING * * *
The wolf barely misses you. You furiously retaliate!
You headbutt the wolf! You block the wyvern's attack.
The wyvern closely misses you. The wyvern attacks as you move away!
The wyvern barely misses you. The wyvern bites you!
* * * LOW HITPOINT WARNING * * *
The wolf bites you!
* * * LOW HITPOINT WARNING * * *
You feel better. The wyvern bites you!
* * * LOW HITPOINT WARNING * * *
The wyvern barely misses you. The wolf bites you but does no damage.
The wyvern misses you. x2
You feel better. The wolf bites you.
* * * LOW HITPOINT WARNING * * *
The wyvern bites you but does no damage.
You block the wyvern's attack. The wolf bites you.
* * * LOW HITPOINT WARNING * * *
You feel very mighty all of a sudden. The wolf bites you.
* * * LOW HITPOINT WARNING * * *
The wyvern closely misses you. You block the wyvern's attack.
The wolf bites you but does no damage.
The wyvern bites you but does no damage.
The wyvern completely misses you.
You feel better. The wolf bites you but does no damage.
The wyvern closely misses you. You furiously retaliate!
You headbutt the wyvern!! The wyvern bites you!
* * * LOW HITPOINT WARNING * * *
The wolf bites you but does no damage.
It was a potion of resistance.
You feel protected. The wyvern barely misses you.
You block the wyvern's attack. The wolf bites you!
* * * LOW HITPOINT WARNING * * *
The wyvern bites you!
You die...

#.# #..# #.# #....# #.### #..#
#.# #....# ....###..# #.# #....#
......#..# #.###....############
....#.#..###.#>................#
....#.#........................#
....#.#.####...................#
....#.#.........lh.............#
....#.#####.....@l.............#
....#.# #.)..................#
....#.#####[...................#
....#'#...)[)..................#
..................##############
..................###############
.................................
####.........####################
#.............................


You could see 2 wyverns and a wolf.

Vanquished Creatures
  Grinder (D:3)
  2 wyverns (D:8)
  Edmund (D:4)
  5 water moccasins
  An acid dragon (D:5)
  An orc warrior (D:6)
  A black bear (D:6)
  2 ice beasts
  3 wolves (D:8)
  2 bullfrogs (D:6)
  A gnoll sergeant (D:7)
  2 scorpions
  5 wights (D:7)
  3 howler monkeys (D:7)
  2 jellies (D:6)
  7 hounds
  2 gnoll boudas
  4 orc priests
  Ijyb (D:3)
  A sleepcap (D:7)
  Natasha (twice) (D:3)
  2 iguanas (D:6)
  6 orc wizards
  14 gnolls
  22 adders
  A white imp (D:6)
  2 ufetubi (D:5)
  2 dart slugs
  28 orcs
  9 endoplasms
  6 giant cockroaches
  4 goblins
  9 hobgoblins
  3 quokkas (D:6)
  9 ball pythons
  2 bats
  10 frilled lizards
  9 kobolds
  8 rats
195 creatures vanquished.

Notes
Turn   | Place    | Note
-------+----------+-------------------------------------------
     0 | D:1      | arthad the Minotaur Fighter began the quest for the Orb.
     0 | D:1      | Reached XP level 1. HP: 19/19 MP: 0/0
   127 | D:1      | Reached XP level 2. HP: 27/27 MP: 1/1
   851 | D:2      | Reached XP level 3. HP: 33/33 MP: 2/2
  1045 | D:2      | Reached XP level 4. HP: 19/40 MP: 3/3
  1505 | D:3      | Noticed Natasha
  1511 | D:3      | Killed Natasha
  1512 | D:3      | Reached skill level 1 in Throwing
  1538 | D:3      | Reached skill level 1 in Dodging
  1555 | D:3      | Reached XP level 5. HP: 47/47 MP: 4/4
  1947 | D:3      | Noticed Ijyb
  1951 | D:3      | Killed Ijyb
  1952 | D:3      | Reached skill level 5 in Fighting
  1952 | D:3      | Reached XP level 6. HP: 56/56 MP: 5/5
  1953 | D:3      | Noticed Natasha
  1959 | D:3      | Killed Natasha
  1960 | D:3      | Reached skill level 5 in Armour
  2153 | D:3      | Identified the +3 whip of the Big Bang {freeze, rPois rF+}
  2241 | D:3      | Noticed Grinder
  2254 | D:3      | Killed Grinder
  2255 | D:3      | Reached XP level 7. HP: 42/61 MP: 6/6
  2508 | D:4      | Noticed Edmund
  2518 | D:4      | Killed Edmund
  2519 | D:4      | Reached skill level 5 in Axes
  2519 | D:4      | Reached skill level 5 in Shields
  2563 | D:4      | Found a staircase to the Ecumenical Temple.
  2585 | Temple   | Entered the Ecumenical Temple
  2591 | Temple   | Became a worshipper of Warmaster Okawaru
  2626 | D:4      | Found a hide-covered altar of Uskayaw.
  2837 | D:5      | Entered Level 5 of the Dungeon
  2897 | D:5      | Found a transporter.
  2903 | D:5      | Identified the +1 spear of Causality {elec, rCorr}
  2907 | D:5      | Noticed Newt's ghost (novice DsGl)
  2907 | D:5      | Found the necklace of Bloodlust {Fury *Rage Will++ Int-3
                  | Slay+6}
  2915 | D:5      | Found a glowing silver altar of Zin.
  3103 | D:5      | Reached XP level 8. HP: 65/71 MP: 7/7
  3151 | D:5      | Reached * piety under Okawaru
  3496 | D:5      | Found a hazy altar of Hepliaklqana.
  3523 | D:5      | Found a transporter.
  3661 | D:6      | Found a shimmering blue altar of Sif Muna.
  3749 | D:6      | Found a glowing drain.
  3768 | Sewer    | Entered a sewer
  4195 | D:6      | Found a shadowy altar of Dithmenos.
  4444 | D:6      | Reached XP level 9. HP: 40/79 MP: 5/8
  4611 | D:6      | Found a shimmering altar of Xom.
  5246 | D:7      | Found a radiant altar of Vehumet.
  5391 | D:7      | Reached ** piety under Okawaru
  5401 | D:7      | Found Opoischour's Serpentskin Sales.
  5598 | D:7      | Reached skill level 5 in Throwing
  6107 | D:8      | Reached *** piety under Okawaru
  6117 | D:7      | HP: 3/82 [wolf (7)]
  6122 | D:7      | HP: 3/82 [wolf (7)]
  6122 | D:7      | Mangled by a wyvern

Illustrated notes

Levels and vault maps discovered:
D:1:      heliophobic_arrival_battle_scene, layout_basic, serial_glass,
          glass_columns_c, glass_columns_c, glass_columns_c, glass_columns_a,
          glass_columns_c, glass_columns_a, glass_columns_a, glass_columns_b,
          glass_columns_a, glass_columns_b, nrook_uturn,
          minmay_misc_feat_secret_circle, minmay_split_cup_large
D:2:      layout_loops_ring
D:3:      layout_basic, minmay_distorted, uniq_ijyb, uniq_natasha, uniq_grinder
D:4:      layout_rooms, nicolae_uskayaw_dance_hall, minmay_temple_entry_arrows,
          minmay_crossroads, uniq_edmund
D:5:      layout_loops_ring, kennysheep_little_box, general_overflow_altar,
          gammafunk_ghost_gnarly_gnolls
D:6:      layout_loops_corners, nicolae_overflow_crystal_walls,
          lemuel_doored_altar, lemuel_crystal_altar, portal_sewer_entry_f,
          minmay_manual_mail
D:7:      layout_basic, nicolae_vehumet_radiance, guppyfry_shop_venom
D:8:      layout_cave_pools, minmay_lair_entry_grove, enter_bailey_3,
          minmay_fractal_squares_diagonal_5, uniq_joseph
Temple:   nicolae_temple_no_exploring_needed

Skill      XL: |  1  2  3  4  5  6  7  8  9 |
---------------+----------------------------+-----
Shields        | 4 5 6 |  6.8
Fighting       | 4 5 6 7 8 |  8.8
Axes           | 3 4 5 7 8 |  8.4
Armour         | 4 5 6 7 8 |  8.9
Throwing       | 1 2 4 5 |  5.6
Dodging        | 1 2 3 4 |  4.8

Action                     |  1- 3 |  4- 6 |  7- 9 || total
---------------------------+-------+-------+-------++-------
  Melee: War axe           |    73 |   110 |   346 ||   529
         Headbutt          |     6 |    10 |    60 ||    76
  Throw: Dart              |       |       |     4 ||     4
 Invoke: Heroism           |       |       |     3 ||     3
    Use: Potion            |       |       |     7 ||     7
 Armour: Scale mail        |    21 |    61 |   127 ||   209
  Dodge: Dodged            |    37 |    60 |   227 ||   324
  Block: Buckler           |    18 |    25 |    92 ||   135

Table legend: (Time is in decaauts)
 A = Elapsed time spent in this place.
 B = Non-inter-level travel time spent in this place.
 C = Inter-level travel time spent in this place.
 D = Time resting spent in this place.
 E = Time spent auto-exploring this place.
 F = Levels seen in this place.
 G = Mean time per level.
                   A        B        C        D        E       F      G
               +--------+--------+--------+--------+--------+-----+--------+
         Total |   6252 |   5954 |    298 |      0 |   4555 |  10 |  625.2 |
       Dungeon |   5966 |   5678 |    288 |      0 |   4369 |   8 |  745.8 |
        Temple |     12 |      2 |     10 |      0 |      0 |   1 |   12.0 |
         Sewer |    273 |    273 |      0 |      0 |    186 |   1 |  273.0 |
               +--------+--------+--------+--------+--------+-----+--------+

Top non-repeatable levels by time:
     D:6: 1116 daAuts
     D:7: 1091 daAuts
     D:3: 875 daAuts
     D:5: 829 daAuts
     D:2: 785 daAuts
     D:1: 740 daAuts
     D:4: 502 daAuts
   Sewer: 273 daAuts
     D:8: 25 daAuts
  Temple: 12 daAuts
